 Dungeon Crawl Stone Soup version 0.29-a0-275-g389c0b56f3 (webtiles) character file.

Game seed: 1482391062939967645

153 Ordine the Conjurer (level 5, -1/29 HPs)
             Began as a Deep Elf Conjurer on Mar 11, 2022.
             Engulfed by a steam dragon's steam (3 damage)
             ... on level 4 of the Dungeon.
             The game lasted 00:05:23 (2247 turns).

Ordine the Conjurer (Deep Elf Conjurer)             Turns: 2247, Time: 00:05:24

Health: -1/29      AC:  5    Str:  4    XL:     5   Next: 12%
Magic:  7/13       EV: 13    Int: 25    God:
Gold:   126        SH:  0    Dex: 13    Spells: 9/12 levels left

rFire   . . .      SeeInvis .   g - +3 dagger
rCold   . . .      Faith    .   (no shield)
rNeg    . . .      Spirit   .   a - +0 robe
rPois   .          Reflect  .   (no helmet)
rElec   .          Harm     .   (no cloak)
rCorr   .          Rampage  .   (no gloves)
Will    .....                   f - +0 pair of boots
Stlth   ++........              (no amulet)
HPRegen 0.09/turn               (no ring)
MPRegen 0.13/turn               (no ring)

@: no status effects
A: iridescent scales 1, screaming 1
a: no special abilities


You were on level 4 of the Dungeon.
You visited 1 branch of the dungeon, and saw 3 of its levels.

You collected 126 gold pieces.

Inventory:

Hand Weapons
 g - a +3 dagger (weapon)
Armour
 a - a +0 robe (worn)
 f - a +0 pair of boots (worn)
Jewellery
 k - a ring of positive energy
Scrolls
 c - a scroll of teleportation {unknown}
 d - 3 scrolls of identify {unknown}
 e - a scroll of fog {unknown}
 h - a scroll of magic mapping {unknown}
 i - a scroll of enchant weapon {unknown}
Potions
 b - a potion of magic
 j - a potion of lignification {unknown}
 l - a potion of heal wounds {unknown}


   Skills:
 + Level 1.4 Fighting
 + Level 3.6 Dodging
 + Level 3.8 Stealth
 + Level 4.1 Spellcasting
 + Level 5.0 Conjurations


You had 9 spell levels left.
You knew the following spells:

 Your Spells              Type           Power      Damage    Failure   Level
a - Magic Dart            Conj           100%       1d8       1%          1
b - Searing Ray           Conj           60%        2d6       1%          2

Your spell library contained the following spells:

 Spells                   Type           Power      Damage    Failure   Level
 Dazzling Flash           Conj/Hex       34%        N/A       10%         3
 Fulminant Prism          Conj/Hex       8%         3d7       32%         4
 Iskenderun's Mystic Bla  Conj/Tloc      17%        2d5       32%         4


Dungeon Overview and Level Annotations

Branches:
Dungeon (2/15)

Altars:

Shops:
D:1 =


Innate Abilities, Weirdness & Mutations

You are partially covered in iridescent scales. (AC +2)
You occasionally shout uncontrollably at your foes.


Message History

You kill the shadow imp!
You hear the brisk rusting of a very distant drain.
A steam dragon comes into view.
Casting: Magic Dart (safe; 1% risk of failure)
Confirm with . or Enter, or press ? or * to list all spells.
You can't see any susceptible monsters within range! (Use Z to cast anyway.)
The magic dart hits the steam dragon.
The steam dragon is lightly wounded.
The steam dragon hisses angrily.
The steam dragon breathes steam at you. The ball of steam hits you!
Casting: Magic Dart (safe; 1% risk of failure)
Confirm with . or Enter, or press ? or * to list all spells.
You can't see any susceptible monsters within range! (Use Z to cast anyway.) Unknown command.
You start resting.
A steam dragon is nearby!
Casting: Magic Dart (safe; 1% risk of failure)
Confirm with . or Enter, or press ? or * to list all spells.
Aiming: Searing Ray (safe; 1% risk of failure)
Press: ? - help, Shift-Dir - straight line, f/p - steam dragon
Aim: a steam dragon (lightly wounded, 79% to hit)
The searing ray misses the steam dragon. (Press . to maintain the ray.)
The steam dragon breathes steam at you. The ball of steam hits you!
Ouch! That really hurt!
* * * LOW HITPOINT WARNING * * *
Unknown command.
Unknown command.
Casting: Searing Ray (safe; 1% risk of failure)
Confirm with . or Enter, or press ? or * to list all spells.
Aiming: Searing Ray (safe; 1% risk of failure)
Press: ? - help, Shift-Dir - straight line, f/p - steam dragon
Aim: a steam dragon (lightly wounded, 79% to hit)
The searing ray hits the steam dragon!
The steam dragon is heavily wounded. (Press . to maintain the ray.)
You are engulfed in a cloud of scalding steam.
You die...

......................<.......
....##...#...##...##.#.#######.
.............D.................
.............##.#.##.#§#######.
...............................
#...##...###.##D#§##.#§#######.
#... #...###....§§§....# ..
#..........#§###..# #....@§#
#..# .......^.# #..#
....†..........
###.....####..## ........ ...#
###.##... ...# #. #... # #....


You could see a steam dragon.

Vanquished Creatures
  A hound (D:4)
  A jelly (D:4)
  An adder (D:2)
  A shadow imp (D:4)
  A worm (D:1)
  3 dart slugs
  3 orcs (D:4)
  4 ball pythons
  8 bats
  6 endoplasms
  5 giant cockroaches
  6 goblins
  7 hobgoblins
  2 quokkas
  A frilled lizard (D:1)
  4 kobolds
  2 rats
56 creatures vanquished.

Notes
Turn   | Place    | Note
-------+----------+-------------------------------------------
     0 | D:1      | Ordine the Deep Elf Conjurer began the quest for the Orb.
     0 | D:1      | Reached XP level 1. HP: 10/10 MP: 6/6
   204 | D:1      | Reached XP level 2. HP: 15/15 MP: 6/8
   207 | D:1      | Learned a level 2 spell: Searing Ray
   770 | D:1      | Found Jirghibam's Jewellery Boutique.
   779 | D:1      | Reached XP level 3. HP: 18/20 MP: 0/9
  1299 | D:1      | Gained mutation: You occasionally shout uncontrollably at
                  | your foes. [potion of mutation]
  1299 | D:1      | Gained mutation: You are frail. (-10% HP) [potion of
                  | mutation]
  1467 | D:2      | Reached skill level 1 in Fighting
  1635 | D:2      | Lost mutation: You are frail. (-10% HP) [potion of
                  | mutation]
  1635 | D:2      | Lost mutation: You occasionally shout uncontrollably at
                  | your foes. [potion of mutation]
  1635 | D:2      | Gained mutation: You are partially covered in iridescent
                  | scales. (AC +2) [potion of mutation]
  1635 | D:2      | Gained mutation: You occasionally shout uncontrollably at
                  | your foes. [potion of mutation]
  1762 | D:2      | Reached XP level 4. HP: 25/25 MP: 8/11
  1825 | D:2      | Found a faded altar of an unknown god.
  1884 | D:2      | You fall into a shaft and drop 2 floors!
  2076 | D:4      | Reached skill level 5 in Conjurations
  2076 | D:4      | Reached XP level 5. HP: 27/29 MP: 6/13
  2240 | D:4      | Noticed a steam dragon
  2247 | D:4      | Engulfed by a steam dragon's steam

Illustrated notes

Levels and vault maps discovered:
D:1:      dpeg_arrival_brainrot, layout_rooms, serial_shops, shop,
          minmay_parallelograms, nrook_mini_backslash, kennysheep_minor_cross,
          chequers_serial_rivers_micro_d
D:2:      layout_rooms, basic_ecumenical_altar, minivault_24,
          chequers_serial_rivers_large_a
D:4:      layout_basic, gup_sewer_entry_glass, minmay_goblin_kobold_house

Skill      XL: |  1  2  3  4 |
---------------+-------------+-----
Stealth        | 3 |  3.8
Dodging        | 3 |  3.6
Fighting       | 1 |  1.4
Spellcasting   | 4 |  4.1
Conjurations   | 5 |  5.0

Action                   |  1- 3 |  4- 6 || total
-------------------------+-------+-------++-------
Melee: Unarmed           |     1 |       ||     1
       Dagger            |     4 |       ||     4
 Cast: Magic Dart        |   102 |    35 ||   137
       Searing Ray       |     1 |     2 ||     3
  Use: Potion            |     2 |       ||     2
Armor: Robe              |     5 |     3 ||     8
Dodge: Dodged            |    14 |     4 ||    18

Table legend: (Time is in decaauts)
 A = Elapsed time spent in this place.
 B = Non-inter-level travel time spent in this place.
 C = Inter-level travel time spent in this place.
 D = Time resting spent in this place.
 E = Time spent auto-exploring this place.
 F = Levels seen in this place.
 G = Mean time per level.
                   A        B        C        D        E       F      G
               +--------+--------+--------+--------+--------+-----+--------+
         Total |   2248 |   2222 |     26 |    119 |   1833 |   3 |  749.3 |
       Dungeon |   2248 |   2222 |     26 |    119 |   1833 |   3 |  749.3 |
               +--------+--------+--------+--------+--------+-----+--------+

Top non-repeatable levels by time:
     D:1: 1362 daAuts
     D:2: 524 daAuts
     D:4: 362 daAuts
